[Event "*** Titled Tuesday Blitz"]
[Site "Chess.com"]
[Date "2019.09.03"]
[Round "6"]
[White "chickencrossroad"]
[Black "plumalka"]
[Result "1/2-1/2"]
[WhiteElo "2515"]
[BlackElo "2181"]
[TimeControl "180+2"]
[EndTime "16:20:36 PDT"]
[Termination "Game drawn - insufficient material"]

1. e4 c5 2. Nf3 d6 3. Nc3 Nf6 4. g3 Nc6 5. Bg2 g6 6. O-O Bg7 7. d4 cxd4 8. Nxd4 Bd7 9. Nde2 O-O 10. h3 Rc8 11. Re1 Qa5 12. Nd5 Nxd5 13. exd5 Ne5 14. Bd2 Qc5 15. Bc3 b5 16. a3 a5 17. Rc1 b4 18. axb4 axb4 19. Bd4 Qc4 20. f4 Bxh3 21. fxe5 Bxg2 22. Kxg2 Qxd5+ 23. Kg1 dxe5 24. Bf2 Qe6 25.
Nf4 Qf5 26. Nd5 Qe6 27. Nxb4 e4 28. Qd5 Bxb2 29. Qxe6 fxe6 30. Rb1 Bc3 31. Rxe4 Bxb4 32. Rbxb4 Rxc2 33. Rf4 Rf5 34. Rb8+ Kf7 35. Rh8 h5 36. Rh7+ Kf6 37. Rh8 Kg5 38. Rf8 e5 39. R4xf5+ gxf5 40. Rf7 e6 41. Re7 Rc6 42. Rg7+ Kf6 43. Rh7 Kg6 44.
Rh8 f4 45. gxf4 exf4 46. Rf8 e5 47. Kg2 Kg5 48. Re8 Kf5 49. Rf8+ Rf6 50. Rh8 Kg5 51. Rg8+ Rg6 52. Re8 Kf5+ 53. Kf3 Rc6 54. Rf8+ Rf6 55. Rxf6+ Kxf6 56. Ke4 Kg5 57. Kxe5 Kg4 58. Ke4 h4 59.
Bxh4 Kxh4 60. Kxf4 1/2-1/2

[Event "*** Titled Tuesday Blitz"]
[Site "Chess.com"]
[Date "2019.09.03"]
[Round "6"]
[White "imdvb6307"]
[Black "Sutormin_DA"]
[Result "0-1"]
[WhiteElo "2421"]
[BlackElo "2613"]
[TimeControl "180+2"]
[EndTime "16:20:39 PDT"]
[Termination "Sutormin_DA won on time"]

1. c4 g6 2. Nf3 Bg7 3. d4 d6 4. Nc3 Nf6 5. e4 O-O 6. Be2 e5 7. O-O Nbd7 8. Qc2 c6 9. Rd1 Re8 10. dxe5 dxe5 11. c5 Qe7 12. Na4 Nf8 13. h3 Nh5 14.
Be3 Ne6 15. g3 Nef4 16. Bxf4 exf4 17. g4 Nf6 18. e5 Nd5 19. Bf1 h5 20. gxh5 Bf5 21.
Bd3 Bxh3 22. hxg6 fxg6 23. Bxg6 Qe6 24. Bh7+ Kh8 25. Qg6 Bg4 26. Qxe6 Rxe6 27. Ng5 Rxe5 28. Nf7+ Kxh7 29. Nxe5 Bxe5 30. Re1 Bf6 31. Kg2 Rg8 32. Rh1+ Kg6 33. Kf1 Kf5 34. Re1 Bf3 35. Rg1 Rh8 36. Rc1 Nb4 37. Nc3 Nd3 38. Rc2 Re8 39. Ne2 Nxc5 40.
b3 Ne4 41. Nc1 Rd8 0-1

[Event "*** Titled Tuesday Blitz"]
[Site "Chess.com"]
[Date "2019.09.03"]
[Round "6"]
[White "GadimbayliA"]
[Black "DeviatkinAndrey"]
[Result "1-0"]
[WhiteElo "2872"]
[BlackElo "2691"]
[TimeControl "180+2"]
[EndTime "16:20:42 PDT"]
[Termination "GadimbayliA won on time"]

1. e4 c6 2. Nf3 d5 3. exd5 cxd5 4. Ne5 Nf6 5. d4 Nc6 6. c3 g6 7. Bb5 Bd7 8. Nxd7 Qxd7 9. O-O Bg7 10. Re1 O-O 11.
Nd2 a6 12. Bd3 Rfe8 13. Nf3 Qc7 14. g3 e5 15. dxe5 Nxe5 16. Bf4 Nh5 17. Bxe5 Bxe5 18.
Be2 Nf6 19. Nxe5 Rxe5 20. Bf3 Rae8 21. Qd2 Kg7 22. Rad1 Rxe1+ 23. Rxe1 Rxe1+ 24. Qxe1 Qb6 25. Qd2 Qc5 26. Qe2 Qb6 27. Kg2 a5 28. Qd2 Qc5 29. Qd3 b6 30. a3 Kf8 31. b4 axb4 32. axb4 Qd6 33. Qd4 Ke7 34. h3 h5 35. g4 hxg4 36.
hxg4 Qe6 37. Qf4 Qd6 38. Qd4 Qe6 39. g5 Ne4 40. Bxe4 dxe4 41. c4 Qg4+ 42. Kf1 Qxg5 43. Qxe4+ Kf8 44. Qd4 Qc1+ 45. Kg2 Qg5+ 46. Kf3 Qf5+ 47.
Ke3 Qe6+ 48. Kd2 f6 49. Kc3 Ke7 50. Kb3 g5 51. Ka3 f5 52. c5 bxc5 53. Qxc5+ Kd7 54.
b5 1-0

[Event "*** Titled Tuesday Blitz"]
[Site "Chess.com"]
[Date "2019.09.03"]
[Round "6"]
[White "przemekpiotrowski"]
[Black "grzechu96"]
[Result "0-1"]
[WhiteElo "2391"]
[BlackElo "2600"]
[TimeControl "180+2"]
[EndTime "16:20:42 PDT"]
[Termination "grzechu96 won by resignation"]

1. d4 d5 2. Nf3 c6 3. g3 Nf6 4.
Bg2 Bf5 5. O-O e6 6. c4 Nbd7 7. b3 Be7 8. Nc3 O-O 9. Bb2 Qa5 10. a3 h6 11. Ne5 Rad8 12. f4 c5 13. b4 cxb4 14. axb4 Qxb4 15. Ba3 Qxc3 16. Bxe7 Nxe5 17. dxe5 Ng4 18. Bxf8 Rxf8 19. cxd5 exd5 20. Qe1 Qc5+ 21. Kh1 Ne3 22. Rf3 Nxg2 23. Kxg2 Be4 24. Ra5 Qb6 25. Qa1 a6 26. Kh3 Bxf3 27. exf3 Rd8 28. Qa2 d4 29. g4 Qc6 30. Kg3 d3 31. Qd2 b5 32. Ra2 Rd4 33. h4 b4 34. g5 hxg5 35. hxg5 Qc3 36. Qh2 Qc4 37. Qh4 d2 38. g6 fxg6 39. Ra1 d1=Q 40. Rxd1 Rxd1 41. Qe7 Qc3 42. Qd8+ Rxd8 0-1

[Event "*** Titled Tuesday Blitz"]
[Site "Chess.com"]
[Date "2019.09.03"]
[Round "6"]
[White "patrisiii123"]
[Black "cherryandmint"]
[Result "1-0"]
[WhiteElo "2446"]
[BlackElo "2797"]
[TimeControl "180+2"]
[EndTime "16:20:50 PDT"]
[Termination "patrisiii123 won by resignation"]

1. e4 e5 2. Nf3 Nc6 3. Bc4 Nf6 4. d3 Bc5 5. c3 O-O 6. b4 Bb6 7. O-O d6 8. a4 a5 9. b5 Ne7 10. Nbd2 Ng6 11. Bb3 c6 12. bxc6 bxc6 13. Nc4 Bc7 14. Re1 Re8 15. Ba3 h6 16. Ne3 d5 17. exd5 cxd5 18.
d4 e4 19. Nd2 Nf4 20. Ndf1 Ba6 21. c4 Nd3 22. Re2 dxc4 23. Nxc4 Qxd4 24. Nfe3 Rad8 25. Nf5 Qc3 26. Ncd6 Bxd6 27. Nxd6 Nb4 28. Bxf7+ Kh7 29. Rd2 e3 30. fxe3 Qxe3+ 31. Kh1 Rxd6 32. Rxd6 Ne4 33. Bg6+ Kh8 34. Bxe4 Qxe4 35. Bxb4 Bb7 36. Qf3 Qxb4 37. Rxh6+ Kg8 38. Rh8+ Kxh8 39. Qh5+ Kg8 40. Qxe8+ Kh7 41. Qh5+ Kg8 42. Rd1 Qe7 43. Qb5 Kh7 44. Qh5+ Kg8 45.
Qxa5 Bxg2+ 46. Kxg2 Qe2+ 47. Kg3 Qxd1 48. Qa8+ Kh7 49. Qe4+ Kh6 50. Qh4+ Kg6 51. Qg4+ 1-0

[Event "*** Titled Tuesday Blitz"]
[Site "Chess.com"]
[Date "2019.09.03"]
[Round "6"]
[White "popov_m"]
[Black "Alohamora11"]
[Result "1/2-1/2"]
[WhiteElo "2605"]
[BlackElo "2470"]
[TimeControl "180+2"]
[EndTime "16:20:53 PDT"]
[Termination "Game drawn by repetition"]

1. e4 c5 2. Nf3 g6 3. c4 Nc6 4. d4 cxd4 5. Nxd4 Nf6 6. Nc3 d6 7. Be2 Bg7 8. Be3 O-O 9. O-O Bd7 10. f3 Nxd4 11. Bxd4 a5 12. Qd2 Bc6 13. Rac1 Nd7 14. Be3 Nc5 15. Rfd1 Be5 16. b3 e6 17. g3 f5 18. exf5 Rxf5 19. f4 Bxc3 20. Qxc3 Ne4 21.
Qc2 Qe7 22. Bg4 Rf7 23. Re1 h5 24. Bf3 d5 25. Bd4 h4 26. Kg2 g5 27. Be5 Raf8 28. Rxe4 dxe4 29. Bxe4 gxf4 30. Bxc6 Rf5 31. gxf4 bxc6 32. Kh3 Qf7 33. Rg1+ Kh7 34. Rg7+ Qxg7 35. Bxg7 Kxg7 36. Qc3+ Kg6 37. Qd3 Kh5 38. Qf3+ Kh6 39. Qxc6 Rxf4 40. Qxe6+ R8f6 41. Qe3 Kh5 42. Qe5+ R6f5 43.
Qh8+ Kg5 44. Qg7+ Kh5 45. Qh7+ Kg5 46. Qg8+ Kh5 47. Qe8+ Kg5 48. Qe3 Kh5 49. Qe8+ Kg5 50. Qd8+ Kh5 51. Qe8+ 1/2-1/2

[Event "*** Titled Tuesday Blitz"]
[Site "Chess.com"]
[Date "2019.09.03"]
[Round "6"]
[White "champ2005"]
[Black "DrMelekess"]
[Result "0-1"]
[WhiteElo "2838"]
[BlackElo "2712"]
[TimeControl "180+2"]
[EndTime "16:20:55 PDT"]
[Termination "DrMelekess won by resignation"]

1. e4 d5 2. exd5 Qxd5 3. Nf3 Nc6 4. Be2 Bg4 5. h3 Bxf3 6. Bxf3 Qe6+ 7. Qe2 Qxe2+ 8. Bxe2 O-O-O 9. d3 e5 10. Nc3 Nge7 11. Be3 Nd4 12. O-O-O Nec6 13. a3 Be7 14. Rhe1 f5 15.
f4 Bh4 16. Rf1 Rhe8 17. fxe5 Rxe5 18. Bxd4 Nxd4 19. Bf3 g6 20. g4 Re3 21. Bg2 Rg3 22.
Rg1 c6 23. Kb1 Re8 24. Rdf1 Bg5 25. Bh1 Rxg1 26. Rxg1 h6 27. gxf5 gxf5 28. Rf1 Re3 29. h4 Bxh4 30. Bg2 Bg5 31. Rh1 Kc7 32. Bh3 b5 33. b4 Kd6 34. Kb2 Ke5 35. Bf1 Rf3 36. Nd1 Rg3 37. c3 Ne6 38. Kc2 Nf4 39. Nf2 Nd5 40. d4+ Kd6 41. Nd3 Ne3+ 0-1

[Event "*** Titled Tuesday Blitz"]
[Site "Chess.com"]
[Date "2019.09.03"]
[Round "6"]
[White "Caisachess"]
[Black "Snegokhod"]
[Result "0-1"]
[WhiteElo "2291"]
[BlackElo "2572"]
[TimeControl "180+2"]
[EndTime "16:20:58 PDT"]
[Termination "Snegokhod won on time"]

1. e4 c5 2. c3 Nf6 3. e5 Nd5 4. d4 cxd4 5. Nf3 e6 6. cxd4 d6 7. a3 Bd7 8. Bd3 Bc6 9. O-O Nd7 10. b4 a6 11. Bb2 Rc8 12. Nbd2 dxe5 13. dxe5 Nf4 14. Be4 Be7 15. Bxc6 Rxc6 16. Ne4 Nb6 17. Qxd8+ Kxd8 18. Rfd1+ Kc8 19. Neg5 Bxg5 20. Nxg5 Rc7 21.
g3 h6 22. Ne4 Nfd5 23. Nd6+ Kb8 24. Bd4 Nc8 25. Bc5 Rd8 26. Nxc8 Rcxc8 27. Bd6+ Ka7 28.
Rac1 b6 29. a4 Kb7 30. Kg2 Nc3 31. Rd4 Nd5 32. Rxc8 Kxc8 33. Rg4 g6 34. Rc4+ Kb7 35. Kf3 b5 36. axb5 axb5 37. Rc1 Ra8 38. g4 Ra3+ 39. Ke4 Ra2 40. Bc5 Ra3 41. h4 Nc3+ 42. Kf4 Ne2+ 0-1

[Event "*** Titled Tuesday Blitz"]
[Site "Chess.com"]
[Date "2019.09.03"]
[Round "6"]
[White "harvsp123"]
[Black "NormWeinstein"]
[Result "0-1"]
[WhiteElo "2527"]
[BlackElo "2421"]
[TimeControl "180+2"]
[EndTime "16:21:00 PDT"]
[Termination "NormWeinstein won by checkmate"]

1. d4 c5 2. d5 e5 3. e4 d6 4. g3 Be7 5. h4 Nf6 6. Bg2 O-O 7.
c4 b5 8. cxb5 a6 9. bxa6 Bxa6 10. Nc3 Nbd7 11. Nge2 c4 12. Be3 Qc7 13. O-O Nc5 14.
Nc1 Rfb8 15. Rb1 Nfd7 16. h5 h6 17. Bh3 Bg5 18. Bxg5 hxg5 19. Bf5 Nf6 20. Qd2 Qe7 21. Qxg5 Nxd5 22. Qxe7 Nxe7 23. Bg4 Bb7 24. Re1 Bc6 25. b4 cxb3 26. Nxb3 Na4 27. Nxa4 Rxa4 28. Nd2 Rxb1 29. Rxb1 Rxa2 30. Rb8+ Kh7 31. Nf3 f6 32. h6 gxh6 33.
Rd8 Bxe4 34. Rd7 f5 35. Rxe7+ Kg6 36. Nh4+ Kf6 37. f3 Kxe7 38. Bxf5 Bd5 39. g4 Kf6 40. Bd3 Kg5 41. Nf5 Bxf3 42. Nxd6 Kf4 43. Bc4 Rb2 44. Kf1 Bxg4 45. Ke1 e4 46. Bd5 e3 47. Be4 Rd2 48. Kf1 Rxd6 49. Bc2 Rd2 50. Bb3 Kg3 51. Ke1 h5 52. Ba4 h4 53. Bb3 h3 54. Ba4 h2 55.
Bc6 Rd1# 0-1

[Event "*** Titled Tuesday Blitz"]
[Site "Chess.com"]
[Date "2019.09.03"]
[Round "6"]
[White "nurgyulsalimova"]
[Black "13MiRacLe"]
[Result "1-0"]
[WhiteElo "2540"]
[BlackElo "2692"]
[TimeControl "180+2"]
[EndTime "16:21:02 PDT"]
[Termination "nurgyulsalimova won by checkmate"]

1. d4 Nf6 2. Nf3 g6 3. Nc3 d5 4. Bf4 Bg7 5. e3 O-O 6. Be2 c5 7. O-O Nc6 8. Nb5 a6 9. Na3 c4 10. c3 Nh5 11. Bg5 h6 12. Bh4 g5 13. Bg3 Nxg3 14.
hxg3 b5 15. Nc2 Bf5 16. Nd2 e6 17. f3 Bg6 18. e4 e5 19. exd5 Qxd5 20. Ne3 Qd6 21.
d5 Qc5 22. Kf2 Ne7 23. Ne4 Bxe4 24. fxe4 f5 25. d6 Rfd8 26. dxe7 Rxd1 27. Raxd1 Re8 28. Rd8 Qxe7 29. Rxe8+ Qxe8 30. Nxf5 Bf8 31. Rd1 Qc6 32.
Rd5 b4 33. Rxe5 bxc3 34. bxc3 Qb6+ 35. Kf3 h5 36. Bxc4+ Kh8 37. Nd4 g4+ 38. Ke2 Qb2+ 39. Kd3 Qb1+ 40. Ke2 Qb2+ 41. Kd3 Bh6 42. Re8+ Kh7 43.
Bg8+ Kg7 44. Nf5+ Kf6 45. Re6+ Kg5 46. Nxh6 Qb1+ 47. Kd4 Qd1+ 48. Ke5 h4 49. Nf7+ Kh5 50. Rh6# 1-0

[Event "*** Titled Tuesday Blitz"]
[Site "Chess.com"]
[Date "2019.09.03"]
[Round "6"]
[White "FearNoEvil12"]
[Black "Bishops83"]
[Result "0-1"]
[WhiteElo "1989"]
[BlackElo "2216"]
[TimeControl "180+2"]
[EndTime "16:21:06 PDT"]
[Termination "Bishops83 won by checkmate"]

1. e4 c5 2. Nc3 g6 3. f4 Bg7 4. Nf3 Nc6 5. Bc4 e6 6. f5 Nge7 7. fxg6 hxg6 8. d3 a6 9. a4 d5 10. Bb3 Nd4 11. O-O Nxb3 12. cxb3 d4 13. Ne2 e5 14. Qe1 f6 15. Bd2 Qb6 16. b4 cxb4 17. Bxb4 Be6 18. Rc1 Nc6 19. Ba3 g5 20. Ng3 Qb3 21.
Qe2 Qxa4 22. Nd2 O-O-O 23. Nc4 Kb8 24. Nd6 Rh7 25. Ndf5 Bh8 26. Ra1 Qb5 27. Rfc1 Nb4 28. Bxb4 Qxb4 29. Qc2 Rc8 30. Qe2 Rhc7 31. Rxc7 Rxc7 32.
Qh5 Qf8 33. b4 Rc2 34. b5 axb5 35. Rb1 b4 36. h4 gxh4 37. Qxh4 b3 38. Qh7 b2 39. Nf1 Ba2 40. Rxb2 Rxb2 41. Kh2 Be6 42.
N1g3 Rc2 43. Qh5 b5 44. Qd1 Qc8 45. Qb1 Qc6 46. Qb4 Bg7 47. Qe7 Qd7 48. Qxg7 Qxg7 49. Nxg7 Bd7 50. N3h5 b4 51. Nxf6 Bc8 52. Nd5 b3 53. Ne8 b2 54. Nd6 b1=Q 55. Kg3 Qe1+ 56. Kh2 Qh4+ 57. Kg1 Rc1# 0-1

[Event "*** Titled Tuesday Blitz"]
[Site "Chess.com"]
[Date "2019.09.03"]
[Round "6"]
[White "FontVella8"]
[Black "ALEXJR20"]
[Result "1-0"]
[WhiteElo "2491"]
[BlackElo "2226"]
[TimeControl "180+2"]
[EndTime "16:21:08 PDT"]
[Termination "FontVella8 won by resignation"]

1. d4 d5 2. c4 e6 3. Nc3 Nf6 4. cxd5 exd5 5. Bg5 c6 6. e3 Be7 7. Bd3 Ne4 8. Bxe7 Qxe7 9. Nge2 f5 10. O-O O-O 11. Qc2 Nd7 12. Rae1 Ndf6 13. f3 Nd6 14.
Qd2 Bd7 15. Nc1 Rae8 16. b3 Kh8 17. Bc2 Nf7 18. Nd3 b6 19. f4 c5 20. Ne5 Be6 21. Nd1 Rc8 22. Nf2 Rfd8 23. Nfd3 Ne4 24. Qe2 cxd4 25. exd4 Rc3 26. Nxf7+ Qxf7 27. Ne5 Qc7 28. Bd3 g6 29. Rf3 Kg7 30. Rh3 Rc8 31.
Ba6 Rd8 32. Rf3 Rc2 33. Qb5 Rd2 34. Qc6 Qxc6 35. Nxc6 Rd6 36. Rc1 Kf8 37. a4 Rb2 38. Ne5 Nd2 39. Rf2 Nxb3 40. Rxb2 Nxc1 41. Rb1 Na2 42.
Rb3 Ke7 43. Re3 Kd8 44. Bb5 Nb4 45. Rb3 a5 46. Rc3 Bg8 47. h4 h5 48. Rg3 Bh7 49.
Nf7+ Ke7 50. Nxd6 Kxd6 51. Be8 Nc2 52. Bxg6 Bxg6 53. Rxg6+ Kc7 54. Rg5 Nxd4 55. Rxh5 b5 56. axb5 a4 57. Rh6 Nxb5 58. Ra6 a3 59. h5 Kb7 60.
Ra4 d4 61. h6 d3 62. Kf2 d2 63. Ke2 Nc3+ 64. Kxd2 Nxa4 65. h7 a2 66. h8=Q Nc5 67.
Qg7+ Kb6 68. Qb2+ Kc6 69. Qxa2 1-0

[Event "*** Titled Tuesday Blitz"]
[Site "Chess.com"]
[Date "2019.09.03"]
[Round "6"]
[White "oskariot"]
[Black "Bladel"]
[Result "1-0"]
[WhiteElo "2761"]
[BlackElo "2620"]
[TimeControl "180+2"]
[EndTime "16:21:09 PDT"]
[Termination "oskariot won by resignation"]

1. e4 c5 2. Nf3 Nc6 3. b4 cxb4 4. d4 e6 5. d5 Qf6 6. c3 Ne5 7. Nd4 Bc5 8. Be3 Nh6 9. Be2 O-O 10. O-O bxc3 11.
Nxc3 Nhg4 12. Bxg4 Nxg4 13. Qxg4 Bxd4 14. Bxd4 Qxd4 15.
Nb5 Qb6 16. Rab1 d6 17. Qg3 e5 18. Qa3 Rd8 19. Rfc1 Qa6 20. Qxa6 bxa6 21. Nc7 Bg4 22.
Nxa8 Rxa8 23. Rc7 g5 24. f3 Bh5 25. Rbb7 Bg6 26. Rxa7 Rb8 27. Rab7 Ra8 28. g4 a5 29.
a4 h5 30. h3 Kg7 31. Rc6 Rd8 32. Rbb6 hxg4 33. hxg4 Rh8 34. Rxd6 Rh4 35. Kg2 Bxe4 36.
fxe4 Rxg4+ 37. Kf3 Rf4+ 38. Ke3 g4 39. Rb1 Rf3+ 40. Ke2 Rf4 41. Kd3 Rf3+ 42. Kd2 Rf2+ 43. Kc3 g3 44. Rg1 g2 45. Rb6 Ra2 46. Rb2 Ra3+ 47.
Kd2 Rxa4 48. Rxg2+ Kf8 49. Rb8+ Ke7 50. Rb7+ Kd6 51.
Rg4 f5 52. Rg6+ Kc5 53. exf5 Kxd5 54. f6 Ra2+ 55. Kc1 Ra1+ 56. Kb2 Rf1 57. f7 Rf2+ 58. Ka3 e4 59. Rg8 Kc4 60. Rc7+ Kd3 61. f8=Q 1-0

[Event "*** Titled Tuesday Blitz"]
[Site "Chess.com"]
[Date "2019.09.03"]
[Round "6"]
[White "hansen"]
[Black "gena217"]
[Result "1/2-1/2"]
[WhiteElo "2881"]
[BlackElo "2918"]
[TimeControl "180+2"]
[EndTime "16:21:10 PDT"]
[Termination "Game drawn by repetition"]

1. e4 c6 2. d4 d5 3. e5 Bf5 4. Nf3 e6 5. Be2 Ne7 6. Nbd2 c5 7. dxc5 Nec6 8. Nb3 Bxc5 9. Nxc5 Qa5+ 10. c3 Qxc5 11. Qb3 Qe7 12. O-O O-O 13. Re1 Qc7 14. Bf4 Nd7 15.
Nd4 Be4 16. Nxc6 bxc6 17. c4 Nxe5 18. Rac1 f6 19. Bf1 Rab8 20. Qc3 Qb6 21. Be3 Qxb2 22. Bxa7 Qxc3 23. Rxc3 Rb2 24. a3 Ra8 25. Bd4 Rd2 26.
Be3 Ra2 27. Bc5 Rb8 28. f3 Bf5 29. cxd5 cxd5 30. Bd6 Rbb2 31. g4 Bd3 32. Bxe5 Bxf1 33. Bg3 Bc4 34. Rxe6 Rg2+ 35. Kh1 Rgb2 36. Re1 h6 37. h4 Rb3 38. Rxb3 Bxb3 39. Re3 Rxa3 40. Kh2 Ra2+ 41. Kh3 Bc4 42. Bd6 Bf1+ 43. Kg3 Rg2+ 44. Kf4 h5 45. gxh5 d4 46. Re8+ Kh7 47. Rd8 d3 48. Bc5 Be2 49. Be3 Bf1 50. Kf5 Be2 51. Kf4 Bf1 52. Kf5 Be2 53. Kf4 1/2-1/2

[Event "*** Titled Tuesday Blitz"]
[Site "Chess.com"]
[Date "2019.09.03"]
[Round "6"]
[White "Gentlejimmy7"]
[Black "TomPolgar"]
[Result "1/2-1/2"]
[WhiteElo "2506"]
[BlackElo "2326"]
[TimeControl "180+2"]
[EndTime "16:21:11 PDT"]
[Termination "Game drawn by repetition"]

1. d4 Nf6 2. Nf3 d5 3. g3 e6 4.
Bg2 Be7 5. O-O O-O 6. c4 dxc4 7. Qc2 a6 8. a4 Bd7 9. Qxc4 Bc6 10. Bf4 Bd6 11.
Qc1 a5 12. Nc3 Na6 13. Rd1 Nb4 14. Ne5 Bxg2 15. Kxg2 c6 16. Nc4 Bxf4 17. gxf4 Nh5 18. Kh1 Qh4 19. e3 Qxf2 20. Qd2 Qf3+ 21. Qg2 Qxg2+ 22.
Kxg2 Rfd8 23. Kf3 Nf6 24. Ne5 Nfd5 25. Ne4 f6 26. Nc4 b5 27. axb5 cxb5 28. Nxa5 Nc2 29. Nc6 Rxa1 30. Rxa1 Nxa1 31. Nxd8 Nc2 32. Nxe6 Ncxe3 33. Nd6 b4 34. Nc5 Nc2 35. Ke4 Nb6 36. Kd3 Ne1+ 37.
Ke2 Nc2 38. Kd3 Ne1+ 39. Ke4 Nc2 40. d5 g6 41. Nb5 f5+ 42. Ke5 Kf7 43. d6 Nc4+ 44.
Kd5 N2e3+ 45. Kc6 Na5+ 46. Kc7 Nd5+ 47. Kc8 Nb6+ 48. Kc7 Nd5+ 49. Kb8 Nc6+ 50. Kb7 Na5+ 51. Ka6 Nc6 52. Nd3 Ke6 53. Nc5+ Kf7 54. Nd3 Ke6 55.
Nc5+ Kf7 1/2-1/2

[Event "*** Titled Tuesday Blitz"]
[Site "Chess.com"]
[Date "2019.09.03"]
[Round "6"]
[White "FedaMaster"]
[Black "SanchezKelvin"]
[Result "1-0"]
[WhiteElo "2602"]
[BlackElo "2419"]
[TimeControl "180+2"]
[EndTime "16:21:12 PDT"]
[Termination "FedaMaster won on time"]

1. e4 c5 2. Nf3 d6 3. d4 cxd4 4. Nxd4 Nf6 5. f3 g6 6. c4 Bg7 7. Nc3 O-O 8. Be3 Nc6 9. Nc2 a5 10. Be2 a4 11. Na3 Nd7 12. Qd2 Nc5 13. Rc1 Be6 14.
Nd5 f5 15. exf5 gxf5 16. Bh6 Rf7 17. O-O Bxd5 18. cxd5 Ne5 19. Bxg7 Rxg7 20. Qd4 Qb6 21. f4 Ng4 22. Bxg4 Rxg4 23. Nc4 Qb5 24. Ne3 Rg6 25. Nxf5 Kf7 26. Rce1 Re8 27. Qe3 Qxb2 28. Rf2 Qf6 29. Nd4 Rg7 30. f5 Kg8 31. Ne6 Nxe6 32.
fxe6 Qg5 33. Qb6 Qxd5 34. Qe3 Qg5 35. Qe4 d5 36. Qxa4 Rd8 37. Qa3 h6 38. Ref1 Kh7 39. Qd3+ Kh8 40. Qe2 Rdg8 41. g3 d4 42. Rf5 Qg6 43. Qd2 Kh7 44. Re5 d3 45. Rf3 Qg4 46. Qxd3+ Rg6 47. Rf7+ 1-0

[Event "*** Titled Tuesday Blitz"]
[Site "Chess.com"]
[Date "2019.09.03"]
[Round "6"]
[White "Kumi29"]
[Black "Gattass"]
[Result "0-1"]
[WhiteElo "2524"]
[BlackElo "2349"]
[TimeControl "180+2"]
[EndTime "16:21:12 PDT"]
[Termination "Gattass won by resignation"]

1. d4 Nf6 2. Bg5 Ne4 3. h4 c5 4.
d5 Nxg5 5. hxg5 g6 6. e4 Bg7 7.
c3 d6 8. Nd2 Nd7 9. a4 b6 10.
Nc4 a6 11. Nf3 Rb8 12. Qd2 b5 13. axb5 axb5 14. Ne3 c4 15. Nd4 Qb6 16. Nc6 Rb7 17. Nc2 Nc5 18. Ra8 O-O 19. Qe3 f6 20. gxf6 exf6 21.
N2d4 Re8 22. Rxc8 Rxc8 23. Qh3 Ra8 24. Qxh7+ Kf7 25. Qh3 Rh8 26. Qxh8 Bxh8 27. Rxh8 Kg7 28.
Re8 Qa6 29. Kd2 Qa1 30. Be2 Qxb2+ 31. Ke3 Qxc3+ 32. Kf4 Qd2+ 33. Kf3 Qc3+ 34. Kg4 Rd7 35. Ne6+ Nxe6 36. dxe6 Rc7 37. e7 Rxe7 38. Rxe7+ Kh6 39. Nd8 Qd2 40. Bf3 f5+ 41. exf5 Qg5+ 42. Kh3 Qxe7 43.
Ne6 gxf5 44. Nd4 Qf6 45. Nxb5 c3 46. Bd1 Qe5 47. Na3 Qd4 48. Bc2 Qxf2 49. g3 d5 50. Bd3 Qb2 51. Nc2 Qc1 52. Kh2 Qd2+ 53. Be2 Qxc2 54. g4 Qxe2+ 55. Kg3 Qxg4+ 56. Kf2 Qd1 0-1

[Event "*** Titled Tuesday Blitz"]
[Site "Chess.com"]
[Date "2019.09.03"]
[Round "6"]
[White "Th3ChessViking"]
[Black "Renier07"]
[Result "0-1"]
[WhiteElo "2446"]
[BlackElo "2601"]
[TimeControl "180+2"]
[EndTime "16:21:15 PDT"]
[Termination "Renier07 won by resignation"]

1. d4 Nf6 2. c4 e6 3. Nc3 Bb4 4.
f3 d5 5. a3 Bxc3+ 6. bxc3 c6 7. e3 b6 8. cxd5 cxd5 9. Bd3 O-O 10. Qe2 Bb7 11. c4 dxc4 12. Bxc4 Nc6 13. Bb2 Na5 14. Bd3 Rc8 15. Nh3 Bd5 16. Rc1 Rxc1+ 17. Bxc1 Qc7 18. O-O Bc4 19. e4 Bxd3 20. Qxd3 Qc4 21. Rd1 Rc8 22.
Bg5 Qxd3 23. Rxd3 Nd7 24. Be3 Rc2 25. d5 e5 26. Bd2 Nc4 27. Bb4 f6 28. Nf2 a5 29. Be7 Kf7 30. d6 Rc1+ 31. Rd1 Rxd1+ 32. Nxd1 Nxa3 33. Nc3 b5 34. Bd8 b4 35. Na4 Nc4 36.
Kf2 b3 37. Ke2 b2 38. Nc3 a4 39. Kd3 a3 40. Kc2 Nc5 41. Kb1 Ke6 42. Be7 Nxd6 43. Bf8 g6 44. Ka2 Nd3 45. Bxd6 Kxd6 46. Kxa3 Kc5 47.
Kb3 Kd4 48. Kc2 Ne1+ 49. Kxb2 Nxg2 50. Nd5 f5 51. Nf6 Nh4 52. exf5 gxf5 53. Nxh7 Nxf3 54.
h3 Kd3 55. Kc1 Ke2 56. Nf8 Nh4 57. Ne6 f4 58. Ng5 f3 59. Ne4 f2 60. Kc2 Ke3 61. Ng3 e4 62. Kd1 Kf3 63. Nf1 e3 64. Nxe3 Kxe3 0-1

[Event "*** Titled Tuesday Blitz"]
[Site "Chess.com"]
[Date "2019.09.03"]
[Round "6"]
[White "Parhamov"]
[Black "Sanan_Sjugirov"]
[Result "1/2-1/2"]
[WhiteElo "2906"]
[BlackElo "2871"]
[TimeControl "180+2"]
[EndTime "16:21:19 PDT"]
[Termination "Game drawn by repetition"]

1. d4 Nf6 2. Bf4 e6 3. Nf3 c5 4.
e3 cxd4 5. exd4 b6 6. Bd3 Bb7 7. O-O Be7 8. h3 d6 9. Nbd2 O-O 10. Re1 Nbd7 11. a4 a6 12. Bg3 Re8 13. c3 h6 14.
b4 d5 15. a5 b5 16. Nb3 Ne4 17. Rc1 Nxg3 18. fxg3 Qc7 19. g4 Bd6 20. Nc5 Nxc5 21. dxc5 Bf4 22. Rc2 e5 23. Rce2 e4 24. Bc2 Bg3 25. Nd4 Bxe1 26. Qxe1 g6 27. Qf2 Kg7 28. Qe3 Rac8 29. Rf2 Qe5 30. h4 Rc7 31. Bd1 Bc8 32. Be2 Rf8 33. Rf4 Kg8 34. Bd1 f5 35. Bb3 g5 36.
hxg5 hxg5 37. Rxf5 Bxf5 38. Nxf5 Rxf5 39. gxf5 Qxf5 40. Qd4 Kh7 41. Bxd5 Re7 42. Qd1 e3 43.
Bf3 Qe5 44. Qd3+ Kg7 45. Be2 Qf6 46. Qd5 Qf2+ 47. Kh2 Qh4+ 48. Kg1 Qf2+ 49. Kh2 Qxe2 50. Qxg5+ Kf8 51. Qf4+ Rf7 52. Qh6+ Kg8 53. Qg6+ Rg7 54. Qe6+ Kh7 55. Qh3+ Kg6 56. Qe6+ Kg5 57. Qe5+ Kh6 58. Qf4+ Kh7 59. Qh4+ Kg6 60. Qe4+ Kh5 61. Qe5+ Kh6 62. Qf4+ Kg6 63. Qe4+ Kg5 64. Qe5+ Kh6 1/2-1/2

[Event "*** Titled Tuesday Blitz"]
[Site "Chess.com"]
[Date "2019.09.03"]
[Round "6"]
[White "vinniethepooh"]
[Black "Mikhail_Golubev"]
[Result "0-1"]
[WhiteElo "2584"]
[BlackElo "2430"]
[TimeControl "180+2"]
[EndTime "16:21:21 PDT"]
[Termination "Mikhail_Golubev won by resignation"]

1. d4 Nf6 2. c4 g6 3. Nc3 Bg7 4. e4 d6 5. Be2 O-O 6. Nf3 e5 7. O-O Nc6 8. d5 Ne7 9. b4 Ne8 10. a4 f5 11. a5 Nf6 12. Nd2 f4 13. c5 g5 14. Ba3 g4 15. b5 Ng6 16. Nc4 f3 17.
gxf3 gxf3 18. Bxf3 Nh4 19. Bg2 Nxg2 20. Kxg2 Qd7 21.
Qd3 Nh5 22. Ne2 Qg4+ 23. Kh1 Rf3 24. Ne3 Qh4 25. Rg1 Rxf2 26. Rg2 Bh3 27. Rag1 Bxg2+ 28. Nxg2 Qf6 29. Ng3 Nxg3+ 30. Qxg3 Rf3 31. Qg4 Rxa3 32.
Nh4 Kh8 33. Nf5 Rg8 34. b6 axb6 35. axb6 cxb6 36. cxd6 Raa8 37. Qh5 Bh6 38. Rxg8+ Rxg8 39. Qxh6 Qxh6 40. Nxh6 Rf8 41. d7 Kg7 42. Ng4 b5 43.
Nxe5 b4 44. Nd3 b3 45. e5 Kf7 46. e6+ Ke7 47. Kg2 Rf5 48. d6+ Kd8 49. Kg3 Rd5 50. Nf4 Rxd6 51. Ne2 b2 52. Nc3 Rxe6 0-1

[Event "*** Titled Tuesday Blitz"]
[Site "Chess.com"]
[Date "2019.09.03"]
[Round "6"]
[White "NemtsevIgor"]
[Black "MikeSailer"]
[Result "1-0"]
[WhiteElo "2311"]
[BlackElo "2113"]
[TimeControl "180+2"]
[EndTime "16:21:26 PDT"]
[Termination "NemtsevIgor won by resignation"]

1. d4 d5 2. Bf4 Bf5 3. e3 e6 4. Nf3 Nf6 5. Be2 Bd6 6. Bg3 O-O 7. O-O c5 8. Bxd6 Qxd6 9. Ne5 cxd4 10. exd4 Nc6 11.
f4 h6 12. c3 Ne4 13. Nd2 Nxe5 14.
fxe5 Qb6 15. Nxe4 Bxe4 16. Qd2 a5 17. Rf4 a4 18. a3 Qb3 19. Raf1 Qc2 20. Qxc2 Bxc2 21.
R1f2 Bb3 22. g4 Bc4 23. Bd1 Bb3 24. Bxb3 axb3 25. Kf1 b5 26. Ke2 b4 27. cxb4 Rac8 28. R4f3 Rc4 29. Rxb3 Rxd4 30. b5 Rc8 31. Kf3 Rcc4 32.
h3 h5 33. gxh5 Rh4 34. Kg2 Rxh5 35. b6 Rg5+ 36. Kh2 Rc8 37. b7 Rb8 38. Rc2 Kh7 39.
Rc8 Rxb7 40. Rxb7 Kg6 41. a4 Rxe5 42. a5 d4 43. a6 d3 44. a7 d2 45. Rd8 Rd5 46.
Rxd5 exd5 47. a8=Q d1=Q 48. Rb6+ Kh7 49. Qa6 Qd2+ 50.
Kg3 Qe3+ 51. Kg2 Qd2+ 52. Kf3 Qd1+ 53. Qe2 Qh1+ 54. Ke3 Qe4+ 55. Kd2 Qf4+ 56. Qe3 Qh2+ 57. Kc1 Qg1+ 58. Qxg1 1-0